 Dungeon Crawl Stone Soup version 0.30-a0-1075-gcd70e7a56d (webtiles) character file.

Game seed: 5674775635228478901

829 gelatine the Chopper (level 7, -4/48 HPs)
             Began as a Demonspawn Fighter on Apr 15, 2023.
             Slain by an unseen horror (7 damage)
             ... on level 5 of the Dungeon.
             The game lasted 00:13:23 (3851 turns).

gelatine the Chopper (Demonspawn Fighter)           Turns: 3851, Time: 00:13:23

Health: -4/48      AC: 12    Str: 18      XL:     7   Next: 65%
Magic:  9/9        EV: 11    Int:  7 (10) God:
Gold:   50         SH:  8    Dex: 10 (12) Spells: 7/9 levels left

rFire   . . .      SeeInvis .    I - +2 war axe (flame)
rCold   + . .      Faith    .    c - +0 buckler
rNeg    . . .      Spirit   .    l - +0 acid dragon scales
rPois   .          Reflect  .    D - +0 helmet
rElec   .          Rampage  .    (no cloak)
rCorr   +                        (no gloves)
Will    .....                    j - +0 pair of boots
Stlth   +                        g - amulet of regeneration
HPRegen 1.08/turn                h - ring of protection from cold
MPRegen 0.11/turn                (no ring)

@: no status effects
A: claws 1, molten scales 2, powered by death 1, large bone plates 1, frail 1,
evolution 1
a: no special abilities


You were on level 5 of the Dungeon.
You visited 1 branch of the dungeon, and saw 5 of its levels.
You also visited: Ossuary.

You collected 306 gold pieces.
You spent 256 gold pieces at shops.

Inventory:

Hand Weapons
 a - a +0 war axe
 n - the +6 spear of Experimentation {freeze, rF+ MP+9 Str+2}
   (You found it on level 2 of the Dungeon)

   Str:       It affects your strength (+2).
   rF:        It protects you from fire.
   MP:        It affects your magic capacity (+9).
 I - a +2 war axe of flaming (weapon)
Missiles
 b - 3 boomerangs (quivered)
Armour
 c - a +0 buckler (worn)
 j - a +0 pair of boots (worn)
 l - +0 acid dragon scales (worn)
 p - a +0 robe of willpower
 r - a +0 pair of gloves
 B - a +1 leather armour of fire resistance
 D - a +0 helmet (worn)
Jewellery
 g - an amulet of regeneration (around neck)
 h - a ring of protection from cold (left claw)
Wands
 o - a wand of flame (20)
 H - a wand of mindburst (13)
Scrolls
 f - 2 scrolls of teleportation
 i - 2 scrolls of blinking
 q - a scroll of noise
 t - a scroll of silence {unknown}
 y - 2 scrolls of fog {unknown}
 z - 2 scrolls of immolation {unknown}
 A - a scroll of vulnerability {unknown}
 E - 3 scrolls of amnesia {unknown}
 F - a scroll of enchant weapon {unknown}
Potions
 d - 5 potions of might
 e - 3 potions of attraction
 k - 4 potions of resistance
 m - a potion of invisibility
 s - a potion of mutation
 u - 2 potions of brilliance
 v - a potion of degeneration
 x - 2 potions of haste
 C - a potion of lignification {unknown}
 G - 2 potions of curing {unknown}


   Skills:
 * Level 4.0 Fighting
 * Level 4.7 Axes
 * Level 2.2 Throwing
 * Level 3.7 Armour
 * Level 2.1 Dodging
 * Level 2.1 Stealth
 * Level 3.7 Shields
 * Level 1.8 Spellcasting
 * Level 0.1 Translocations
 * Level 0.2 Evocations


You had 7 spell levels left.
You knew the following spells:

 Your Spells              Type           Power      Damage    Failure   Level
a - Blink                 Tloc           0%         N/A       67%         2

Your spell library contained the following spells:

 Spells                   Type           Power      Damage    Failure   Level
 Lesser Beckoning         Tloc           0%         N/A       67%         2
 Momentum Strike          Conj/Tloc      0%         3d8       69%         2
 Ensorcelled Hibernation  Hex/Ice        0%         N/A       71%         2
 Hailstorm                Conj/Ice       0%         3d3       90%         3
 Spider Form              Tmut/Pois      0%         N/A       90%         3
 Summon Guardian Golem    Hex/Summ       0%         N/A       90%         3
 Tukima's Dance           Hex            0%         N/A       90%         3
 Passage of Golubria      Tloc           0%         N/A       99%         4
 Anguish                  Hex/Necr       0%         N/A       100%        4
 Ice Form                 Ice/Tmut       0%         N/A       100%        4
 Iskenderun's Mystic Bla  Conj/Tloc      0%         2d3       100%        4
 Fireball                 Conj/Fire      0%         3d3       100%        5
 Yara's Violent Unravell  Hex/Tmut       0%         3d3       100%        5
 Simulacrum               Ice/Necr       0%         N/A       100%        6
 Orb of Destruction       Conj           0%         9d5       100%        7
 Spellforged Servitor     Conj/Summ      0%         N/A       100%        7


Dungeon Overview and Level Annotations

Branches:
Dungeon (5/15)            Ossuary (visited)
 Temple: D:4-7

Altars:

Shops:
D:5 (


Innate Abilities, Weirdness & Mutations

You have sharp fingernails.
You are mostly covered in molten scales. (AC +3)
You regenerate a little health from kills.
You are partially covered in large bone plates. (SH +4)
You are frail. (-10% HP)
You have hidden genetic potential.


Message History

You closely miss something. Something barely misses you.
You hit something. You burn something. Something hits you.
Something hits you but does no damage. Something hits you but does no damage.
Something hits you!
You slash something! You burn something. Something hits you.
An adder comes into view.
Something hits you.
The adder hisses angrily.
Something hits you. You block something's attack. The adder barely misses you.
You barely miss the adder. You barely miss something. Something hits you!
* * * LOW HITPOINT WARNING * * *
Something hits you but does no damage. You block the adder's attack.
You closely miss the adder. Something hits you but does no damage.
The adder barely misses you. You block the adder's attack.
You closely miss the adder. The adder closely misses you.
Something hits you but does no damage. You block the adder's attack.
You slash the adder! You burn the adder.
You kill the adder!
You hit something. You burn something. Something hits you.
* * * LOW HITPOINT WARNING * * *
Something hits you but does no damage.
You feel much better. You block something's attack.
Something hits you but does no damage.
You miss something. Something hits you! Something hits you but does no damage.
Something hits you but does no damage. x2
You closely miss something. Something hits you but does no damage.
Something completely misses you. Something hits you but does no damage.
You slash something! You burn something. Something hits you!
You completely miss something. Something hits you.
You hit something. You burn something. Something hits you.
* * * LOW HITPOINT WARNING * * *
You block something's attack. Something hits you!
* * * LOW HITPOINT WARNING * * *
Something hits you!
* * * LOW HITPOINT WARNING * * *
Something hits you!
You die...

.####....#####....# #.....#
.#..#....# ##....# .....#
.#..#....####.....# .....#
.#.##....##......†###+#.....
##.#.......................
...#..~~~~~.~~~~.......##.## ##
...'..~≈≈≈≈.≈~~≈.......##..#..#
...#..~≈≈≈~.≈≈≈~..............#
##.#..~~≈~~.~≈≈~@........∩....#
##.##.......~~~~...###.......##
#.....~~≈~.........# #.#####.#
#.....~~~~.≈~≈~≈...# #.#D..#.#
#...#.≈≈~≈.~≈≈≈~...# #.#≈P.# #
#####.~~≈≈.~≈≈≈~...###.#####.#
##.##.~~~~.~≈~≈~.#............
.................#............
............+....#............


There were no monsters in sight!

Vanquished Creatures
  Sigmund (D:2)
  A black bear (D:4)
  A scorpion (D:5)
  3 orc priests
  A gnoll bouda (D:5)
  An orc wizard (D:3)
  11 mummies (Ossuary)
  7 gnolls
  5 adders
  An ufetubus (D:4)
  A worm zombie (D:4)
  4 worms
  6 orcs
  9 ball pythons
  7 bats
  9 endoplasms
  3 giant cockroaches
  3 goblins
  5 hobgoblins
  7 jackals
  A quokka (D:1)
  2 frilled lizards
  A goblin skeleton (Ossuary)
  8 kobolds
  2 kobold skeletons (Ossuary)
  5 orc skeletons (Ossuary)
  7 rats
  11 rat skeletons (Ossuary)
123 creatures vanquished.

Notes
Turn   | Place    | Note
-------+----------+-------------------------------------------
     0 | D:1      | gelatine the Demonspawn Fighter began the quest for the
                  | Orb.
     0 | D:1      | Reached XP level 1. HP: 18/18 MP: 1/1
   179 | D:1      | Gained mutation: You are partially covered in molten
                  | scales. (AC +2) [demonic ancestry]
   179 | D:1      | Reached XP level 2. HP: 24/24 MP: 2/2
   313 | D:1      | Found a faded altar of an unknown god.
   393 | D:1      | Got the Tome of Power
   513 | D:1      | Gained mutation: You have sharp fingernails. [demonic
                  | ancestry]
   513 | D:1      | Reached XP level 3. HP: 29/29 MP: 3/3
  1043 | D:2      | Identified the +6 spear of Experimentation {freeze, rF+
                  | MP+9 Str+2}
  1198 | D:2      | Noticed Sigmund
  1199 | D:2      | Reached skill level 1 in Dodging
  1199 | D:2      | Reached XP level 4. HP: 26/35 MP: 4/4
  1213 | D:2      | Killed Sigmund
  1214 | D:2      | Reached skill level 1 in Stealth
  1214 | D:2      | Reached skill level 1 in Spellcasting
  1214 | D:2      | Gained mutation: You are mostly covered in molten scales.
                  | (AC +3) [demonic ancestry]
  1214 | D:2      | Reached XP level 5. HP: 29/41 MP: 4/6
  1216 | D:2      | Reached skill level 1 in Throwing
  1689 | D:3      | Reached XP level 6. HP: 47/47 MP: 7/7
  2371 | D:4      | Found a sand-covered staircase.
  2387 | Ossuary  | Entered an ossuary
  2743 | Ossuary  | Gained mutation: You regenerate a little health from kills.
                  | [demonic ancestry]
  2743 | Ossuary  | Reached XP level 7. HP: 53/53 MP: 9/9
  3538 | D:5      | Entered Level 5 of the Dungeon
  3567 | D:5      | Gained mutation: Your flesh is heat resistant. (rF+)
                  | [potion of mutation]
  3567 | D:5      | Gained mutation: You are clumsy. (Dex -2) [potion of
                  | mutation]
  3614 | D:4      | Lost mutation: You are clumsy. (Dex -2) [potion of
                  | mutation]
  3614 | D:4      | Lost mutation: Your flesh is heat resistant. (rF+) [potion
                  | of mutation]
  3614 | D:4      | Gained mutation: You are frail. (-10% HP) [potion of
                  | mutation]
  3614 | D:4      | Gained mutation: You are partially covered in large bone
                  | plates. (SH +4) [potion of mutation]
  3614 | D:4      | Gained mutation: You have hidden genetic potential. [potion
                  | of mutation]
  3659 | D:5      | Learned a level 2 spell: Blink
  3800 | D:5      | Found Ril Utap's Hydra Hut.
  3801 | D:5      | Noticed a five-headed hydra
  3805 | D:5      | Bought a +2 war axe of flaming for 256 gold pieces
  3849 | D:5      | HP: 2/48 [something (7)]
  3851 | D:5      | Slain by an unseen horror

Illustrated notes

Levels and vault maps discovered:
D:1:      roderic_crossed_star, layout_loops_ring,
          ebering_ecumenical_altar_sacrificial, minmay_vboxes
D:2:      layout_basic, uniq_sigmund
D:3:      layout_loops_ring
D:4:      layout_loops_corners, enter_ossuary_3
D:5:      layout_gridville, gammafunk_ghost_nasty_kobolds, minivault_14,
          doesnt_shop_hydraphobe, uniq_grinder

Skill      XL: |  1  2  3  4  5  6  7 |
---------------+----------------------+-----
Shields        | 3 |  3.7
Axes           | 2 3 4 |  4.7
Armour         | 3 |  3.7
Dodging        | 1 2 |  2.1
Stealth        | 1 2 |  2.1
Spellcasting   | 1 |  1.8
Throwing       | 1 2 |  2.2
Fighting       | 4 |  4.0
Translocations | |  0.1
Evocations     | |  0.2

Action                     |  1- 3 |  4- 6 |  7- 9 || total
---------------------------+-------+-------+-------++-------
  Melee: War axe           |   141 |   154 |    89 ||   384
  Throw: Boomerang         |       |    52 |    22 ||    74
    Use: Potion            |       |     2 |     5 ||     7
         Scroll            |       |     7 |     3 ||    10
   Stab: Sleeping          |       |     1 |     2 ||     3
 Armour: Scale mail        |    25 |       |       ||    25
         Acid dragon scale |    39 |    54 |    72 ||   165
         Robe              |     3 |       |       ||     3
  Dodge: Dodged            |    98 |    70 |    59 ||   227
  Block: Buckler           |    39 |    35 |    36 ||   110

Table legend: (Time is in decaauts)
 A = Elapsed time spent in this place.
 B = Non-inter-level travel time spent in this place.
 C = Inter-level travel time spent in this place.
 D = Time resting spent in this place.
 E = Time spent auto-exploring this place.
 F = Levels seen in this place.
 G = Mean time per level.
                   A        B        C        D        E       F      G
               +--------+--------+--------+--------+--------+-----+--------+
         Total |   4015 |   3868 |    147 |      0 |   2554 |   6 |  669.2 |
       Dungeon |   3552 |   3405 |    147 |      0 |   2338 |   5 |  710.4 |
       Ossuary |    463 |    463 |      0 |      0 |    216 |   1 |  463.0 |
               +--------+--------+--------+--------+--------+-----+--------+

Top non-repeatable levels by time:
     D:4: 901 daAuts
     D:1: 859 daAuts
     D:2: 857 daAuts
     D:3: 648 daAuts
 Ossuary: 463 daAuts
     D:5: 286 daAuts
